 Dungeon Crawl Stone Soup version 0.19.5 (webtiles) character file.

16802 Firecrotchwizard the Grappler (level 12, -3/118 HPs)
             Began as a Troll Monk on Apr 24, 2017.
             Was a High Priest of Okawaru.
             Killed from afar by a battlesphere (14 damage)
             ... created by lokibrotherofthor's ghost
             ... on level 1 of the Lair of Beasts.
             The game lasted 00:37:57 (10495 turns).

Firecrotchwizard the Grappler (Troll Monk)         Turns: 10495, Time: 00:37:58

Health: -3/118     AC:  8    Str: 22    XL:     12   Next: 13%
Magic:  9/11       EV: 18    Int:  8    God:    Okawaru [*****.]
Gold:   454        SH: 19    Dex: 16    Spells: 0 memorised, 11 levels left

rFire  . . .     SeeInvis .       - Unarmed
rCold  . . .     Gourm    +     a - +0 robe
rNeg   . . .     Faith    .     H - +0 large shield
rPois  +         Spirit   .     (helmet restricted)
rElec  .         Reflect  .     A - +2 cloak
rCorr  .         Harm     .     (gloves unavailable)
MR     .....                    (boots unavailable)
Stlth  +++.......               E - amulet of regeneration {+regen, !d}
                                s - +2 ring of intelligence
                                h - ring of poison resistance {rPois, !d}

@: heroism
A: unfitting armour, claws 3, fast metabolism 3, gourmand, regeneration 1,
shaggy fur 1, tough skin 2
a: Heroism, Finesse, Renounce Religion


You were on level 1 of the Lair of Beasts.
You worshipped Okawaru.
Okawaru was extremely pleased with you.
You were not hungry.

You visited 3 branches of the dungeon, and saw 13 of its levels.
You also visited: Ossuary and Volcano.

You collected 640 gold pieces.
You spent 186 gold pieces at shops.

Inventory:

Hand Weapons
 F - a +1 fustibalus of flaming
   (You found it in a volcano)
Missiles
 x - 2 large rocks (quivered) {!d}
 D - a throwing net {=f, !d}
Armour
 a - a +0 robe (worn)
 c - a +0 shield
   (You bought it in a shop on level 7 of the Dungeon)
 A - a +2 cloak (worn)
   (You found it on level 4 of the Dungeon)
 B - the +3 hat of Pondering {ponderous, MR+ MP+10 Int+5}
   (You took it off Gastronok on level 1 of the Lair of Beasts)

   It affects your intelligence (+5).
   It affects your resistance to hostile enchantments.
   It affects your magic capacity (+10).
 H - a +0 large shield (worn)
   (You found it in a volcano)
Jewellery
 h - a ring of poison resistance (left claw) {rPois, !d}
   (You found it on level 1 of the Dungeon)
 s - a +2 ring of intelligence (right claw)
   (You found it on level 3 of the Dungeon)
 E - an amulet of regeneration (around neck) {+regen, !d}
   (You found it on level 6 of the Dungeon)
Wands
 y - a wand of disintegration (14/24)
   (You found it on level 10 of the Dungeon)
 J - a wand of confusion (19/48)
   (You found it on level 1 of the Lair of Beasts)
Scrolls
 d - a scroll of recharging
 e - a scroll of fog
 f - 4 scrolls of amnesia
 m - 2 scrolls of teleportation
 n - a scroll of identify
 o - a scroll of magic mapping {!r}
 r - 11 scrolls of remove curse
 t - a scroll of blinking {!r}
 I - a scroll of summoning
Potions
 g - 4 potions of flight
 i - 3 potions of haste
 k - 3 potions of agility {unknown}
 l - 3 potions of might
 p - 2 potions of invisibility
 q - 2 potions of brilliance
 u - 2 potions of degeneration {!q}
 v - 3 potions of ambrosia
 w - 3 potions of curing
 z - a potion of berserk rage {unknown}
 C - a potion of cancellation {unknown}
 G - 2 potions of lignification {!q}
Comestibles
 b - 18 bread rations {@e1}
 j - 10 meat rations {@e2}


   Skills:
 - Level 7.4(12.4) Fighting
 - Level 4.1(9.1) Throwing
 - Level 7.3(12.3) Dodging
 - Level 1.0(6.0) Stealth
 * Level 7.9(12.9) Shields
 + Level 12.5(17.5) Unarmed Combat
 + Level 1.0 Invocations


You had 11 spell levels left.
You didn't know any spells.

Dungeon Overview and Level Annotations

Branches:
Dungeon (11/15)            Temple (1/1) D:5            Lair (1/6) D:11
    Orc (0/2) D:9

Altars:
Ashenzari
Cheibriados
Dithmenos
Elyvilon
Fedhas
Gozag
Hepliaklqana
Kikubaaqudgha
Makhleb
Nemelex Xobeh
Okawaru
Qazlal
Ru
Sif Muna
Trog
Uskayaw
Vehumet
Xom
Yredelemnul
Zin
The Shining One

Shops:
D:7 [(}!*

Annotations:
Lair:1 lokibrotherofthor's ghost, journeyman DrCj


Innate Abilities, Weirdness & Mutations

You are too large for most types of armour.
You have claws for hands.
Your metabolism is lightning-fast.
You like to eat raw meat.
Your natural rate of healing is unusually fast.
You are covered in fur. (AC +1)
You have very tough skin. (AC +2)


Message History

Aim: lokibrotherofthor's ghost, wielding a vorpal weapon You throw a large rock {!d}.
The large rock {!d} misses lokibrotherofthor's ghost.
You regained 2 hp, and now have 110/118 hp.
Aim: lokibrotherofthor's ghost, wielding a vorpal weapon You throw a large rock {!d}.
The large rock {!d} hits lokibrotherofthor's ghost but does no damage.
You claw lokibrotherofthor's ghost!
You block lokibrotherofthor's ghost's attack.
You closely miss lokibrotherofthor's ghost.
You block lokibrotherofthor's ghost's attack.
You block the black bear's attack. x2; The black bear barely misses you.
You scratch lokibrotherofthor's ghost but do no damage.
You block lokibrotherofthor's ghost's attack.
You scratch lokibrotherofthor's ghost but do no damage.
You block the black bear's attack. x2; The black bear completely misses you.
You claw the black bear!
You block lokibrotherofthor's ghost's attack.
You block the black bear's attack. x2; The black bear claws you.
You take 1 damage, and have 113/118 hp.
You claw the black bear!
You block lokibrotherofthor's ghost's attack.
The black bear bites you. The black bear claws you.
You block the black bear's attack.
You take 2 damage, and have 111/118 hp.
You closely miss the black bear. You claw the black bear!
You kill the black bear!
Okawaru accepts your kill.
Your Invocations skill increases to level 1!
You block lokibrotherofthor's ghost's attack.
You mangle lokibrotherofthor's ghost!!
Lokibrotherofthor's ghost gestures wildly while chanting.
Lokibrotherofthor's ghost conjures a globe of magical energy!
A battlesphere comes into view.
You barely miss lokibrotherofthor's ghost.
Lokibrotherofthor's ghost misses you.
You scratch lokibrotherofthor's ghost.
You scratch lokibrotherofthor's ghost but do no damage.
Lokibrotherofthor's ghost hits you.
You take 1 damage, and have 114/118 hp.
You completely miss lokibrotherofthor's ghost.
You feel like a meek peon again.
Lokibrotherofthor's ghost muses, "Killing is much more fun than I thought it would be."
Lokibrotherofthor's ghost hits you!
You take 11 damage, and have 103/118 hp.
You barely miss lokibrotherofthor's ghost.
Lokibrotherofthor's ghost gestures at you while chanting.
You block the orb of energy.
The orb of energy explodes!
The battlesphere fires!
The barrage of energy hits you!
You take 11 damage, and have 92/118 hp.
You gain the combat prowess of a mighty hero.
Lokibrotherofthor's ghost points at you and mumbles some strange words.
The magic dart hits you!
The battlesphere fires!
The barrage of energy hits you!
You take 16 damage, and have 76/118 hp.
You now have 8/11 mp.
You closely miss lokibrotherofthor's ghost.
Your shield prevents you from hitting lokibrotherofthor's ghost.
Lokibrotherofthor's ghost hits you!
You take 12 damage, and have 64/118 hp.
You barely miss lokibrotherofthor's ghost.
Lokibrotherofthor's ghost gestures at you while chanting.
The magic dart hits you!
The battlesphere fires!
The barrage of energy hits you!
You take 10 damage, and have 54/118 hp.
You closely miss lokibrotherofthor's ghost.
You miss lokibrotherofthor's ghost.
Lokibrotherofthor's ghost gestures at you while chanting.
The orb of energy misses you.
The battlesphere fires!
The barrage of energy hits you!
You take 12 damage, and have 43/118 hp.
You mangle lokibrotherofthor's ghost!!
Lokibrotherofthor's ghost casts a spell at you.
The magic dart hits you!
The battlesphere fires!
The barrage of energy hits you!
* * * LOW HITPOINT WARNING * * *
You take 19 damage, and have 24/118 hp.
You completely miss lokibrotherofthor's ghost.
You block lokibrotherofthor's ghost's attack.
Okay, then.
You scratch lokibrotherofthor's ghost.
You closely miss lokibrotherofthor's ghost.
Lokibrotherofthor's ghost hits you.
* * * LOW HITPOINT WARNING * * *
x2 You take 3 damage, and have 23/118 hp.
You mangle lokibrotherofthor's ghost!!
Lokibrotherofthor's ghost points at you and mumbles some strange words.
The magic dart hits you!
* * * LOW HITPOINT WARNING * * *
The battlesphere fires!
The barrage of energy hits you!
* * * LOW HITPOINT WARNING * * *
You take 15 damage, and have 8/118 hp.
You barely miss lokibrotherofthor's ghost.
You closely miss lokibrotherofthor's ghost.
You block lokibrotherofthor's ghost's attack.
You barely miss lokibrotherofthor's ghost.
Lokibrotherofthor's ghost breathes negative energy at you.
The bolt of negative energy misses you.
The battlesphere fires!
The barrage of energy hits you!
You die...

..........(....#....
........................
........................
.....................#.#
......(.......###...####
.........*..P## ##..#
..........P### #...##
.........########....#
.....(W@##..........##
...(..†#.#...........###
.......##..####.........
......#...## ##...###...
.....##...# #...## ##..
...#.....## #..## #P.
..####### #...# ##. ##
#...# ## #..## #


You could see a battlesphere and lokibrotherofthor's ghost.

Vanquished Creatures
  Gastronok (Lair:1)
  The ghost of Quico the Devastator, a journeyman DECj of Vehumet (Volcano)
  Erica (D:8)
  The ghost of HAWKINGL3623 the Covered, a novice DDFi of Trog (D:8)
  An unseen horror (D:11)
  A hill giant (D:10)
  A cyclops (D:11)
  Joseph (D:8)
  A molten gargoyle (Volcano)
  A spiny frog (Lair:1)
  2 gargoyles
  A komodo dragon (Lair:1)
  3 trolls (D:11)
  A two-headed ogre (D:6)
  A hornet (D:9)
  2 hippogriffs
  A basilisk (Lair:1)
  6 yaks (Lair:1)
  A spriggan (D:7)
  2 fire elementals (Volcano)
  A wyvern (D:9)
  A hungry ghost (D:7)
  5 water moccasins
  4 porcupines (Lair:1)
  The ghost of CrawlBurg the Cudgeler, an amateur OgBe of Trog (D:3)
  2 ice beasts (D:10)
  5 orc warriors
  3 black bears
  2 phantoms
  2 ogres
  4 sky beasts
  A necrophage (D:9)
  4 centaurs
  3 crocodiles
  6 bullfrogs
  A wyvern zombie (D:11)
  6 water moccasin zombies (Ossuary)
  A scorpion (D:9)
  14 killer bees
  7 howler monkeys
  A crimson imp (D:11)
  A quasit (D:9)
  2 centaur zombies
  3 hounds
  A jelly (D:11)
  Crazy Yiuf (D:4)
  10 orc priests
  2 bullfrog skeletons
  2 iguanas (D:6)
  11 orc wizards
  8 worker ants
  2 big kobold zombies (Ossuary)
  A hound zombie (D:6)
  A hound skeleton (D:11)
  2 mummies (Ossuary)
  2 howler monkey zombies
  3 worker ant zombies
  10 gnolls
  8 adders
  3 shadow imps
  An ooze (D:2)
  5 adder zombies (Ossuary)
  3 worms
  A dart slug (D:1)
  5 leopard geckos
  50 orcs
  3 giant cockroaches
  6 goblins
  9 hobgoblins
  6 jackals
  3 kobolds
  14 bats
  6 frilled lizards
  A giant cockroach zombie (D:6)
  3 gnoll zombies (Ossuary)
  8 hobgoblin zombies (Ossuary)
  A jackal skeleton (D:8)
  3 kobold zombies (Ossuary)
  A leopard gecko skeleton (D:4)
  3 orc zombies (Ossuary)
  3 rats
312 creatures vanquished.

Vanquished Creatures (others)
  An orc wizard (D:4)
  13 fungi
14 creatures vanquished.

Grand Total: 326 creatures vanquished

Notes
Turn   | Place    | Note
-------+----------+-------------------------------------------
     0 | D:1      | Firecrotchwizard the Troll Monk began the quest for the Orb.
     0 | D:1      | Reached XP level 1. HP: 22/22 MP: 0/0
   194 | D:1      | Reached XP level 2. HP: 29/29 MP: 1/1
   222 | D:1      | Found a sparkling altar of Nemelex Xobeh.
   885 | D:2      | Reached XP level 3. HP: 27/36 MP: 2/2
  1044 | D:2      | Reached skill level 4 in Unarmed Combat
  1159 | D:2      | Reached XP level 4. HP: 44/44 MP: 3/3
  1321 | D:2      | Reached skill level 3 in Fighting
  1395 | D:3      | Noticed CrawlBurg's ghost (amateur OgBe)
  1403 | D:3      | Killed CrawlBurg's ghost
  1403 | D:3      | Reached skill level 3 in Dodging
  1403 | D:3      | Reached XP level 5. HP: 44/53 MP: 4/4
  1829 | D:3      | Reached skill level 5 in Unarmed Combat
  2052 | D:4      | Reached XP level 6. HP: 61/61 MP: 5/5
  2546 | D:4      | Found a runed door.
  2550 | D:4      | Noticed Crazy Yiuf
  2557 | D:4      | Killed Crazy Yiuf
  2627 | D:5      | Entered Level 5 of the Dungeon
  2685 | D:5      | Reached skill level 6 in Unarmed Combat
  2729 | D:5      | Reached skill level 4 in Fighting
  2729 | D:5      | Reached XP level 7. HP: 70/70 MP: 6/6
  2823 | D:5      | Reached skill level 4 in Dodging
  3023 | D:5      | Found a staircase to the Ecumenical Temple.
  3040 | Temple   | Entered the Ecumenical Temple
  3138 | Temple   | Became a worshipper of Warmaster Okawaru
  3138 | Temple   | Reached * piety under Okawaru
  3138 | Temple   | Reached ** piety under Okawaru
  3193 | D:6      | Noticed a two-headed ogre
  3203 | D:6      | Killed a two-headed ogre
  3203 | D:6      | Reached skill level 7 in Unarmed Combat
  3273 | D:6      | Found an opulent altar of Gozag.
  3282 | D:6      | Reached XP level 8. HP: 78/79 MP: 7/7
  3534 | D:6      | You fall through a shaft for 2 floors!
  3543 | D:8      | Found a sand-covered staircase.
  3547 | Ossuary  | Entered an ossuary
  3732 | Ossuary  | Reached skill level 5 in Fighting
  3763 | Ossuary  | Reached skill level 5 in Dodging
  3763 | Ossuary  | Reached skill level 8 in Unarmed Combat
  3770 | Ossuary  | Reached *** piety under Okawaru
  3960 | D:8      | Noticed Joseph
  3974 | D:8      | Killed Joseph
  4083 | D:6      | Reached XP level 9. HP: 88/88 MP: 8/8
  4130 | D:6      | Reached skill level 9 in Unarmed Combat
  4503 | D:7      | Found Dicopen's Distillery.
  4509 | D:7      | Bought a potion of heal wounds for 60 gold pieces
  4534 | D:7      | HP: 22/89 [poisoned by a killer bee]
  4534 | D:7      | HP: 9/89 [killer bee (5)]
  4754 | D:7      | Found a shattered altar of Ashenzari.
  4838 | D:7      | Reached skill level 6 in Fighting
  5006 | D:7      | Found Omnocwawn's Assorted Antiques.
  5024 | D:7      | Found Zudwilug's Antique Weapon Emporium.
  5057 | D:7      | Found Wanoj's Gadget Shoppe.
  5295 | D:7      | Reached skill level 6 in Dodging
  5403 | D:7      | Found Qosmuasm's Antique Armour Shop.
  5417 | D:7      | Reached **** piety under Okawaru
  5437 | D:7      | Bought a shield for 126 gold pieces
  5513 | D:8      | Reached skill level 10 in Unarmed Combat
  5615 | D:8      | Reached skill level 1 in Shields
  5800 | D:8      | Noticed HAWKINGL3623's ghost (novice DDFi)
  5932 | D:8      | Noticed Erica
  5941 | D:8      | Killed Erica
  5941 | D:8      | Received a gift from Okawaru
  5941 | D:8      | Reached skill level 2 in Shields
  5941 | D:8      | Reached XP level 10. HP: 74/100 MP: 6/9
  6050 | D:8      | Killed HAWKINGL3623's ghost
  6050 | D:8      | Reached skill level 3 in Shields
  6784 | D:9      | Found a staircase to the Orcish Mines.
  6860 | D:9      | Reached skill level 11 in Unarmed Combat
  7074 | D:9      | Reached skill level 4 in Shields
  7236 | D:10     | Entered Level 10 of the Dungeon
  7534 | D:10     | Noticed a gargoyle
  7540 | D:10     | Killed a gargoyle
  7540 | D:10     | Reached skill level 7 in Fighting
  7610 | D:10     | Noticed a hill giant
  7625 | D:10     | Killed a hill giant
  7625 | D:10     | Reached ***** piety under Okawaru
  7625 | D:10     | Reached skill level 7 in Dodging
  7862 | D:10     | Reached skill level 5 in Shields
  7862 | D:10     | Reached XP level 11. HP: 109/109 MP: 10/10
  7982 | D:11     | Found a staircase to the Lair.
  8146 | D:11     | HP: 23/109 [something (7)]
  8262 | D:11     | Killed an unseen horror
  8552 | D:11     | Got a polished flail
  8683 | D:11     | HP: 18/109 [cyclops/large rock (31)]
  8919 | D:11     | Received a gift from Okawaru
  9218 | D:11     | Reached skill level 1 in Throwing
  9218 | D:11     | Reached skill level 6 in Shields
  9447 | Lair:1   | Entered Level 1 of the Lair of Beasts
  9595 | Lair:1   | Reached skill level 2 in Throwing
  9663 | Lair:1   | Reached skill level 12 in Unarmed Combat
  9669 | Lair:1   | Noticed Gastronok
  9695 | Lair:1   | Killed Gastronok
  9695 | Lair:1   | Reached skill level 3 in Throwing
  9695 | Lair:1   | Reached skill level 7 in Shields
  9967 | Lair:1   | Found a dark tunnel.
  9974 | Volcano  | Entered a volcano
 10091 | Volcano  | Noticed Quico's ghost (journeyman DECj)
 10110 | Volcano  | HP: 11/109 [Quico's ghost/spray of energy (24)]
 10110 | Volcano  | HP: 4/109 [battlesphere[Quico's ghost] (7)]
 10118 | Volcano  | Killed Quico's ghost
 10118 | Volcano  | Reached ****** piety under Okawaru
 10118 | Volcano  | Reached XP level 12. HP: 33/118 MP: 8/11
 10166 | Volcano  | Reached skill level 4 in Throwing
 10360 | Lair:1   | Noticed lokibrotherofthor's ghost (journeyman DrCj)
 10475 | Lair:1   | Reached skill level 1 in Invocations
 10488 | Lair:1   | HP: 24/118 [battlesphere[lokibrotherofthor's ghost] (14)]
 10492 | Lair:1   | HP: 8/118 [battlesphere[lokibrotherofthor's ghost] (11)]
 10495 | Lair:1   | Killed from afar by a battlesphere

Skill      XL: |  1  2  3  4  5  6  7  8  9 10 11 12 |
---------------+-------------------------------------+-----
Unarmed Combat | 4 5 6 7 8 10 11 12 | 12.5
Fighting       | 3 4 5 6 7 |  7.4
Dodging        | 3 4 5 6 7 |  7.3
Shields        | 2 5 7 |  7.9
Throwing       | 3 4 |  4.1
Invocations    | 1 |  1.0
Stealth        | |  1.0

Action                   |  1- 3 |  4- 6 |  7- 9 | 10-12 || total
-------------------------+-------+-------+-------+-------++-------
Melee: Unarmed           |    85 |   130 |   341 |   526 ||  1082
       Punch             |     1 |     4 |     7 |       ||    12
Throw: Large rock        |       |       |       |    18 ||    18
Invok: Heroism           |       |       |     5 |    14 ||    19
  Use: Scroll            |       |       |    13 |    13 ||    26
       Potion            |       |       |     2 |     4 ||     6
 Stab: Sleeping          |     2 |     2 |     5 |     4 ||    13
  Eat: Chunk             |    16 |    14 |    37 |    37 ||   104
       Pizza             |       |       |     1 |       ||     1
       Beef jerky        |       |       |     1 |       ||     1
Armor: Robe              |    29 |    21 |   109 |    99 ||   258
Dodge: Dodged            |    45 |    51 |   248 |   191 ||   535
Block: Shield            |       |       |    40 |   162 ||   202
       Large shield      |       |       |       |    22 ||    22

Vault maps used:
D:1:      lightli_arrival_noodles, nemelex_xobeh_ov_fountains_minmay
D:2:      first_bread
D:3:      minmay_wonky_spiral
D:4:      uniq_crazy_yiuf_cottage
D:5:      minmay_temple_entry_glassed_door, lemuel_old_faithful
D:6:      grunt_gozag_breadcrumbs
D:7:      serial_shops, shop_coins, nicolae_shop_competitors_out_of_business,
          shop, shop, nicolae_shop_waterfront, the_bakery, ashenzari_altar_1
D:8:      enter_ossuary_5, feat_on_display, uniq_erica, uniq_psyche, uniq_joseph
D:9:      orc_0_dummy
D:11:     due_lair_maze_entry_diamond, kennysheep_generic_room_15
Temple:   kilobyte_greek_temple
Lair:1:   lightli_volcano_entry_magma_tube, uniq_gastronok
Ossuary:  ossuary_tomb_2
Volcano:  volcano_overflow

Table legend:
 A = Turns spent in this place as a percentage of turns spent in the entire game.
 B = Non-inter-level travel turns spent in this place as a percentage of non-inter-level travel turns spent in the entire game.
 C = Inter-level travel turns spent in this place as a percentage of turns spent in this place.
 D = Turns resting spent in this place as a percentage of non-inter-level travel turns spent in this place.
 E = Turns spent auto-exploring this place as a percentage of non-inter-level travel turns spent in this place.
 F = Non-inter-level travel turns spent in this place divided by the number of levels of this place that you've seen.
                   A       B       C       D       E      F
               +-------+-------+-------+-------+-------+----------------------
         Total | 100.0 | 100.0 |   0.4 |   3.1 |   9.7 | 226.3
       Dungeon |  77.2 |  77.2 |   0.5 |   3.0 |  10.8 | 238.2
        Temple |   0.6 |   0.5 |   5.3 |   0.0 |  16.7 |  18.0
          Lair |   9.0 |   9.1 |   0.0 |   5.2 |   3.9 | 308.0
       Ossuary |   6.4 |   6.4 |   0.0 |   2.8 |  14.7 | 217.0
       Volcano |   6.8 |   6.8 |   0.0 |   1.7 |   0.4 | 232.0
               +-------+-------+-------+-------+-------+----------------------

Table legend:
 A = Kills in this place as a percentage of kills in entire the game.
 B = Kills by you in this place as a percentage of kills by you in the entire game.
 C = Kills by friends in this place as a percentage of kills by friends in the entire game.
 D = Other kills in this place as a percentage of other kills in the entire game.
 E = Experience gained in this place as a percentage of experience gained in the entire game.
 F = Experience gained in this place divided by the number of levels of this place that you have seen.
                   A       B       C       D       E      F
               +-------+-------+-------+-------+-------+----------------------
         Total | 100.0 | 100.0 |  -nan | 100.0 | 100.0 | 1600.3
       Dungeon |  81.5 |  81.4 |  -nan | 100.0 |  62.0 | 1353.4
          Lair |   6.7 |   6.7 |  -nan |   0.0 |  25.9 | 6218.0
       Ossuary |  10.2 |  10.3 |  -nan |   0.0 |   2.5 | 591.0
       Volcano |   1.6 |   1.6 |  -nan |   0.0 |   9.6 | 2308.0
               +-------+-------+-------+-------+-------+----------------------
